Map: Frozen Temple

Players

viOlet - Winner!

  • Race: Zerg Zerg

JimRising

  • Race: Zerg Zerg

Event: DreamHack Open Tours WCS Spring Championship

VOD

Have the link to the VOD?

Description

Time

  • Played on: May 14, 2016, 3:37 p.m.
  • Length: 7:49

All games in this series

Show
View Real Time Build Order
Export as new Build Order

viOlet Zerg - Winner!

Build Orders: Pool First 

Get SALT Encoding   

  12  0:18  Spawning Pool  
  11  0:22  Drone  
  11  0:26  Drone  
  13  0:30  Drone  
  14  0:40  Overlord  
  14  1:04  Queen, Zergling x4  
  14  1:05  Zergling x2  
  19  1:16  Zergling x2  
  20  1:27  Zergling x2  
  21  1:33  Hatchery  
  21  1:39  Zergling x2  
  21  1:48  Overlord  
  20  2:02  Spine Crawler, Drone  
  17  2:14  Zergling x2  
  17  2:15  Zergling x6  
  20  2:24  Queen  
  22  2:30  Zergling x2  
  22  2:44  Queen  
  24  2:59  Drone  
  24  3:00  Queen  
  28  3:05  Drone x2  
  28  3:11  Drone  
  30  3:18  Drone x2  
  32  3:21  Drone  
  32  3:26  Drone  
  32  3:27  Drone  
  34  3:31  Extractor  
  34  3:32  Extractor  
  32  3:34  Drone  
  33  3:41  Overlord  
  33  3:50  Overlord  
  33  3:51  Drone  
  33  3:52  Drone  
  36  4:02  Drone  
  36  4:04  Drone x2  
  36  4:06  Drone  
  38  4:12  Drone x2  
  37  4:24  Roach Warren  
  37  4:27  Drone  
  37  4:28  Drone  
  38  4:32  Drone x2  
  38  4:38  Drone x2  
  42  4:41  Overlord  
  42  4:51  Overlord  
  42  4:58  Metabolic Boost  
  42  5:05  Roach x4  
  50  5:22  Drone x3  
  50  5:23  Hatchery  
  50  5:26  Ravager x3  
  50  5:27  Ravager  
  56  5:32  Overlord  
  56  5:33  Drone x2  
  58  5:42  Roach x3  
  64  5:45  Overlord  
  64  5:48  Roach  
  66  5:58  Roach x2  
  66  5:59  Zergling x6  
  72  6:09  Roach x3  
  72  6:10  Overlord  
  78  6:19  Zergling x4  
  78  6:22  Zergling x4  
  82  6:30  Zergling x6  
  85  6:34  Queen  
  85  6:38  Ravager x2  
  85  6:39  Zergling x6  
  92  6:44  Zergling x4  
  94  6:48  Zergling x2  
  94  6:53  Zergling x6  
  98  6:54  Overlord  
  98  7:05  Queen  
  97  7:10  Queen  
  97  7:13  Zergling x14  
  97  7:14  Zergling x2  
  96  7:25  Zergling x2  
  96  7:26  Zergling x10  
  90  7:42  Spore Crawler  
  90  7:43  Spore Crawler  
Show
View Real Time Build Order
Export as new Build Order

JimRising Zerg 

Build Orders: Pool First 

Get SALT Encoding   

  12  0:00  Drone  
  13  0:22  Spawning Pool  
  13  0:25  Drone  
  13  0:30  Extractor  
  13  0:32  Drone  
  13  0:36  Drone  
  14  0:44  Drone, Extractor  
  15  0:53  Overlord  
  15  1:12  Zergling x4  
  15  1:16  Queen  
  19  1:19  Zergling x2  
  20  1:30  Zergling x2  
  21  1:33  Metabolic Boost  
  21  1:43  Spine Crawler  
  20  1:47  Zergling x2  
  21  1:57  Overlord  
  19  2:08  Zergling x2  
  19  2:13  Zergling x2  
  19  2:15  Queen  
  20  2:26  Drone x2  
  20  2:27  Drone  
  23  2:52  Hatchery  
  23  2:56  Zergling x2  
  21  2:59  Zergling x2  
  21  3:03  Zergling x2  
  23  3:08  Drone  
  24  3:24  Drone x2  
  24  3:25  Drone x2  
  28  3:30  Extractor  
  28  3:33  Overlord  
  27  3:43  Lair  
  27  3:48  Overlord  
  27  4:11  Drone x3  
  27  4:12  Drone x2  
  31  4:22  Drone x2  
  31  4:27  Drone x2  
  33  4:32  Drone  
  33  4:33  Drone x2  
  33  4:36  Drone  
  37  4:45  Spire  
  37  4:52  Overlord  
  36  4:57  Drone x2, Extractor  
  36  4:58  Drone  
  38  5:03  Overlord  
  38  5:11  Zergling x4  
  38  5:13  Drone x3  
  43  5:20  Drone  
  44  5:23  Overlord x2  
  44  5:30  Spine Crawler  
  44  5:34  Drone  
  44  5:35  Overlord  
  44  5:36  Extractor  
  44  5:41  Drone  
  44  5:43  Drone x3  
  46  5:58  Mutalisk x4  
  46  6:01  Mutalisk  
  55  6:04  Mutalisk  
  55  6:08  Mutalisk  
  59  6:12  Overlord  
  59  6:19  Overlord  
  59  6:31  Overlord  
  59  6:32  Overlord x2  
  59  6:40  Hatchery  
  59  6:42  Mutalisk  
  59  6:46  Mutalisk  
  60  6:50  Mutalisk  
  60  6:52  Zergling x2  
  65  6:59  Mutalisk  
  65  7:00  Zergling x2  
  77  7:11  Mutalisk x2  
  47  7:30  Zergling x4  

Tags
 
Add a new tag
Caveats
  • Supply blocks, unpowered buildings, or Contaminate may cause inaccurate times.
  • Supply counts are checked every 10 seconds.